 Dungeon Crawl Stone Soup version 0.28-a0-1404-g4df0f3684d (webtiles) character file.

Game seed: 17398769996878957041

1928 fragbeetle the Cudgeller (level 8, 0/79 HPs)
             Began as a Troll Berserker on Jan 5, 2022.
             Was a Believer of Trog.
             Slain by an acid dragon (6 damage)
             ... on level 8 of the Dungeon.
             The game lasted 00:20:11 (5799 turns).

fragbeetle the Cudgeller (Troll Berserker)          Turns: 5799, Time: 00:20:12

Health: 0/79       AC: -10   Str: 26    XL:     8   Next: 96%
Magic:  7/7        EV: 11    Int:  5    God:    Trog [**....]
Gold:   198        SH:  0    Dex: 15    Spells: 7/7 levels left

rFire   . . .      SeeInvis +   a - +0 mace
rCold   . . .      Faith    .   (no shield)
rNeg    . . .      Spirit   .   A - +1 robe of the Yeti {Will+ Regen+ SInv Stlth-}
rPois   .          Reflect  .   (helmet restricted)
rElec   .          Harm     .   i - +0 cloak
rCorr   .          Rampage  .   (gloves unavailable)
Will    ++++.                   (boots unavailable)
Stlth   ..........              x - amulet of magic regeneration
HPRegen 2.83/turn               t - ring of willpower
MPRegen 0.50/turn               f - +6 ring of dexterity

@: about to teleport, strong-willed, corroded, regenerating
A: large, unfitting armour, claws 3, regeneration 1, shaggy fur 1, tough skin 1
a: Renounce Religion, Berserk, Trog's Hand


You were on level 8 of the Dungeon.
You worshipped Trog.
Trog was pleased with you.
You visited 2 branches of the dungeon, and saw 9 of its levels.

You collected 344 gold pieces.
You spent 146 gold pieces at shops.

Inventory:

Hand Weapons
 a - a +0 mace (weapon)
 z - a +0 giant club
 H - a +0 giant spiked club
Missiles
 e - 2 throwing nets
 k - 39 poisoned darts (quivered)
 y - 5 large rocks
 C - 6 silver javelins
 D - 2 silver boomerangs
 G - 2 javelins
Armour
 i - a +0 cloak (worn)
 A - the +1 robe of the Yeti (worn) {Will+ Regen+ SInv Stlth-}
   (You found it on level 6 of the Dungeon)

   SInv:      It lets you see invisible.
   Regen:     It increases your rate of health regeneration.
   Will:      It increases your willpower.
   Stlth:     It makes you less stealthy.
Jewellery
 f - a +6 ring of dexterity (right claw)
 t - a ring of willpower (left claw)
 x - an amulet of magic regeneration (around neck)
Wands
 p - a wand of polymorph (2)
 r - a wand of charming (4)
 B - a wand of digging (2)
Scrolls
 d - 5 scrolls of teleportation
 l - a scroll of enchant armour {unknown}
 m - 5 scrolls of magic mapping {unknown}
 n - a scroll of identify
 q - 3 scrolls of immolation {unknown}
 s - 3 scrolls of fear {unknown}
 E - a scroll of vulnerability {unknown}
 F - 2 scrolls of amnesia {unknown}
 I - a scroll of fog {unknown}
Potions
 c - 9 potions of curing
 g - a potion of invisibility {unknown}
 h - a potion of brilliance {unknown}
 j - 3 potions of cancellation
 o - 2 potions of magic
 u - a potion of flight {unknown}
 v - 2 potions of might
 w - 2 potions of lignification


   Skills:
 + Level 4.8 Fighting
 * Level 7.1 Maces & Flails
 + Level 4.1 Throwing
 + Level 4.8 Dodging
 + Level 2.3 Evocations


You had 7 spell levels left.
You didn't know any spells.
Your spell library was empty.

Dungeon Overview and Level Annotations

Branches:
Dungeon (8/15)             Temple (1/1) D:7
   Lair: D:8-11

Altars:
Ashenzari
Cheibriados
Dithmenos
Elyvilon
Hepliaklqana
Kikubaaqudgha
Makhleb
Nemelex Xobeh
Okawaru
Sif Muna
Trog
Vehumet
Wu Jian
Xom
Yredelemnul
Zin
The Shining One

Shops:
D:1 *   D:4 ?!

Annotations:
D:8 Erica


Innate Abilities, Weirdness & Mutations

You are too large for most types of armour.
You have claws for hands.
Your natural rate of healing is unusually fast.
You are covered in fur. (AC +1)
You have tough skin. (AC +1)


Message History

You hit the acid dragon but do no damage.
Your claw misses the acid dragon. The acid dragon bites you.
The acid dragon claws you.
You sock the acid dragon!
The acid dragon is moderately wounded.
The acid dragon bites you! The acid dragon misses you.
You hit the acid dragon but do no damage.
The acid dragon is moderately wounded.
The acid dragon spits acid at you. The splash of acid hits you!
* * * LOW HITPOINT WARNING * * *
The acid corrodes you!
Okay, then.
Your skin crawls.
You feel strong-willed. The acid dragon bites you!
* * * LOW HITPOINT WARNING * * *
The acid dragon closely misses you.
Unknown command.
You feel much better. The gnoll closely misses you.
A gnoll comes into view. It is wielding a +0 spear.
The acid dragon spits acid at you. The splash of acid hits you!!
* * * LOW HITPOINT WARNING * * *
The acid corrodes you!
You hear an angry hiss.
The gnoll hits you from afar with a +0 spear.
* * * LOW HITPOINT WARNING * * *
The gnoll hits you with a +0 whip!
* * * LOW HITPOINT WARNING * * *
Okay, then.
As you read the scroll of teleportation, it crumbles to dust.
You feel strangely unstable.
A gnoll comes into view. It is wielding a +0 whip.
The gnoll hits you from afar with a +0 spear.
* * * LOW HITPOINT WARNING * * *
The acid dragon bites you.
* * * LOW HITPOINT WARNING * * *
The acid dragon claws you.
You die...

.........).. . ..#### #...#......
.. ..# g ........# # #.. #.# ...
...!..#.# #... #.#
..g..#.#..#.####....###.##
........go..>.............
###....#.##g#######..###.##.
......#.##D# #..###.... #
###.......g.@# #.........
............##g# ##..###.##.
#.#.##..#.#.##.# #...# #.##.
#.#.##..#.#.##.# #...###.##.
#.#.##..#.#.##.######...##.....
###.......................##.###.
.........#..####...####......# #.
......##.#..# #..........##.# #.
..##..##.#..# #...####.#.##.####


You could see an acid dragon (catching breath), a gnoll shaman, 3 gnolls and an
orc.

Vanquished Creatures
  2 water moccasins
  2 black bears
  An orc warrior (D:7)
  A hornet zombie (D:6)
  2 ice beasts (D:5)
  2 ogres
  A centaur (D:6)
  A phantom (D:5)
  2 bullfrogs (D:7)
  3 scorpions
  2 howler monkeys
  A centaur skeleton (D:4)
  A bullfrog zombie (D:7)
  5 iguanas
  Ijyb (D:3)
  3 orc wizards
  A howler monkey zombie (D:5)
  3 gnolls (D:5)
  4 adders
  2 shadow imps
  A white imp (D:6)
  3 worms (D:3)
  3 dart slugs
  14 orcs
  5 ball pythons
  6 bats
  3 endoplasms
  2 giant cockroaches (D:1)
  3 hobgoblins
  A quokka (D:3)
  2 frilled lizards
  10 goblins
  9 kobolds
  5 rats
107 creatures vanquished.

Notes
Turn   | Place    | Note
-------+----------+-------------------------------------------
     0 | D:1      | fragbeetle the Troll Berserker began the quest for the Orb.
     0 | D:1      | Reached XP level 1. HP: 22/22 MP: 0/0
    27 | D:1      | Reached skill level 3 in Maces & Flails
    27 | D:1      | Reached XP level 2. HP: 29/29 MP: 1/1
   213 | D:1      | Found Iwufanup's Assorted Antiques.
   432 | D:1      | Reached XP level 3. HP: 36/36 MP: 2/2
   523 | D:2      | Reached ** piety under Trog
  1022 | D:2      | Found a sparkling altar of Nemelex Xobeh.
  1451 | D:3      | Identified the +6 hunting sling "Oraill" {freeze, Will+}
  1622 | D:3      | Noticed Ijyb
  1680 | D:3      | Killed Ijyb
  1681 | D:3      | Reached skill level 1 in Throwing
  1681 | D:3      | Reached XP level 4. HP: 44/44 MP: 3/3
  1773 | D:3      | You fall into a shaft and drop 3 floors!
  1930 | D:6      | Noticed a scorpion
  1935 | D:6      | Reached skill level 4 in Maces & Flails
  1935 | D:6      | Reached XP level 5. HP: 48/53 MP: 4/4
  1986 | D:5      | Entered Level 5 of the Dungeon
  2270 | D:5      | Noticed an ice beast
  2292 | D:5      | Killed an ice beast
  2293 | D:5      | Reached XP level 6. HP: 61/61 MP: 5/5
  2472 | D:5      | Noticed an ice beast
  2639 | D:5      | Reached skill level 5 in Maces & Flails
  2719 | D:5      | Reached XP level 7. HP: 68/68 MP: 6/6
  2837 | D:4      | Found Lexa's Distillery.
  2853 | D:4      | Bought a potion of curing for 39 gold pieces
  2853 | D:4      | Bought a potion of might for 52 gold pieces
  3179 | D:4      | Found Polumaew's Magic Scroll Shoppe.
  3213 | D:4      | Bought a scroll of identify for 22 gold pieces
  3213 | D:4      | Bought a scroll of teleportation for 33 gold pieces
  3670 | D:5      | Reached skill level 1 in Evocations
  3850 | D:6      | Identified the +1 robe of the Yeti {Will+ Regen+ SInv
                  | Stlth-}
  3953 | D:6      | Reached skill level 6 in Maces & Flails
  3953 | D:6      | Reached XP level 8. HP: 75/78 MP: 7/7
  4498 | D:7      | Found a staircase to the Ecumenical Temple.
  4520 | Temple   | Entered the Ecumenical Temple
  4973 | D:7      | Reached skill level 7 in Maces & Flails
  5461 | D:8      | Noticed Erica
  5799 | D:8      | Slain by an acid dragon

Illustrated notes

Levels and vault maps discovered:
D:1:      lightli_arrival_chessboard, layout_rooms, serial_shops,
          nicolae_diamond_shop
D:2:      layout_loops_ring, basic_altar
D:3:      layout_loops_ring, hex_large, uniq_ijyb
D:4:      layout_gridville, serial_shops, nicolae_shop_waterfront, shop_statue
D:5:      layout_gridville
D:6:      layout_basic
D:7:      layout_basic, minmay_temple_entry_wispy, fountainhead
D:8:      layout_basic, uniq_erica
Temple:   mainiacjoe_temple_archimedes_tessellation

Skill      XL: |  1  2  3  4  5  6  7  8 |
---------------+-------------------------+-----
Maces & Flails | 3 4 5 6 7 |  7.1
Throwing       | 1 2 3 4 |  4.1
Fighting       | 3 4 |  4.8
Dodging        | 3 4 |  4.8
Evocations     | 1 2 |  2.3

Action                   |  1- 3 |  4- 6 |  7- 9 || total
-------------------------+-------+-------+-------++-------
Melee: Mace              |   142 |    71 |   207 ||   420
       Punch             |     4 |       |     1 ||     5
Throw: Dart              |       |     3 |    13 ||    16
       Large rock        |       |       |     3 ||     3
       Stone             |       |       |     1 ||     1
       Boomerang         |       |       |     1 ||     1
Invok: Berserk           |     1 |     4 |     4 ||     9
       Trog's Hand       |       |       |     1 ||     1
  Use: Scroll            |       |       |     4 ||     4
       Potion            |       |       |     1 ||     1
Armor: Animal skin       |    61 |    13 |    27 ||   101
       Robe              |       |       |    32 ||    32
Dodge: Dodged            |    96 |    45 |   123 ||   264

Table legend: (Time is in decaauts)
 A = Elapsed time spent in this place.
 B = Non-inter-level travel time spent in this place.
 C = Inter-level travel time spent in this place.
 D = Time resting spent in this place.
 E = Time spent auto-exploring this place.
 F = Levels seen in this place.
 G = Mean time per level.
                   A        B        C        D        E       F      G
               +--------+--------+--------+--------+--------+-----+--------+
         Total |   5939 |   5777 |    162 |    365 |   2879 |   9 |  659.9 |
       Dungeon |   5769 |   5607 |    162 |    365 |   2751 |   8 |  721.1 |
        Temple |    169 |    169 |      0 |      0 |    128 |   1 |  169.0 |
               +--------+--------+--------+--------+--------+-----+--------+

Top non-repeatable levels by time:
     D:6: 1104 daAuts
     D:5: 1055 daAuts
     D:7: 876 daAuts
     D:2: 754 daAuts
     D:3: 706 daAuts
     D:4: 488 daAuts
     D:1: 477 daAuts
     D:8: 305 daAuts
  Temple: 169 daAuts
